[Event "Early-Titled-Tuesday-Blitz-May-28-2024"]
[Site "Chess.com"]
[Date "2024.05.28"]
[Round "4"]
[White "Meri-Arabidze"]
[Black "Pitomina"]
[Result "1-0"]
[WhiteElo "2683"]
[BlackElo "2492"]
[TimeControl "180+1"]
[EndTime "8:41:31 PDT"]
[Termination "Meri-Arabidze won on time"]

1. Nf3 d5 2. c4 dxc4 3. Qa4+ Nc6 4. Qxc4 e5 5. Nc3 Nf6 6. g3 Bd6 7. Bg2 O-O 8. O-O Be6 9. Qa4 Re8 10. d3 h6 11. Bd2 Qd7 12. Rfc1 a6 13. Qd1 Bg4 14. a3 Nd4 15. Nh4 Rab8 16. b4 Rec8 17. Rab1 c5 18. Qf1 cxb4 19. axb4 Rxc3 20. Rxc3 Nxe2+ 21. Kh1 Nxc3 22.
Bxc3 Rc8 23. Qe1 Be6 24. Kg1 Qb5 25. Bf1 Qd5 26. Rc1 Bd7 27. Bg2 Qxd3 28. Bxb7 Rb8 29. Rd1 Qb5 30. Rxd6 Rxb7 31. Bxe5 Ne8 32. Rd4 Be6 33.
Nf3 Rd7 34. Rxd7 Qxd7 35. Nd4 Bh3 36. Qe3 f6 37. Bb8 Kf7 38. Qb3+ Kg6 39. Qd3+ f5 40.
Bf4 Qd5 41. f3 Nf6 42. Kf2 Qa2+ 43. Qe2 Qb1 44. Ne6 Qxb4 45. Nc7 Qc5+ 46. Ke1 Qg1+ 47. Kd2 Qd4+ 48. Kc2 Qc5+ 49. Kb2 Kh7 50. Ne6 Qb6+ 51. Ka3 Nd5 52. Qe5 Qa5+ 53. Kb2 Qb5+ 54. Ka1 Qa4+ 55.
Kb2 Qb4+ 56. Ka1 Qa3+ 57. Kb1 Qb3+ 58. Kc1 Qc4+ 59. Kb2 Qb5+ 60. Kc1 Qd7 61. Nd4 Nf6 62. Ne6 Bg2 63. Kc2 Qc6+ 64. Kd2 Bh3 65. Nd4 Qd7 66. Kc3 Nd5+ 67. Kb2 Nb6 68. Kc3 Na4+ 69. Kd3 Bf1+ 70. Ke3 Bh3 71. Kf2 Nc3 72. Nc2 Nd5 73. Nd4 Qb7 74. Nxf5 Qb6+ 75. Nd4 1-0

[Event "Early-Titled-Tuesday-Blitz-May-28-2024"]
[Site "Chess.com"]
[Date "2024.05.28"]
[Round "4"]
[White "ab-lsv"]
[Black "frankshar"]
[Result "1-0"]
[WhiteElo "2352"]
[BlackElo "2496"]
[TimeControl "180+1"]
[EndTime "8:41:31 PDT"]
[Termination "ab-lsv won on time"]

1. d4 Nf6 2. c4 e6 3. Nc3 Bb4 4.
Qc2 O-O 5. Nf3 c5 6. dxc5 Na6 7. g3 Nxc5 8. Bg2 b6 9. O-O Bb7 10. a3 Bxc3 11. Qxc3 d5 12. Rd1 Qe7 13. Bg5 Nce4 14.
Bxf6 Nxf6 15. cxd5 Bxd5 16. Rac1 Rfd8 17. Ne5 Bxg2 18.
Kxg2 Nd5 19. Nc6 Nxc3 20. Nxe7+ Kf8 21. Rxd8+ Rxd8 22. Rxc3 Kxe7 23. Rc7+ Rd7 24. Rxd7+ Kxd7 25. Kf3 Kd6 26. Ke4 Kc5 27. b3 f6 28. g4 a5 29.
Kd3 b5 30. e4 g5 31. Kc3 Kd6 32.
Kd4 e5+ 33. Kd3 Kc5 34. Kc3 h6 35. Kd3 b4 36. a4 Kd6 37. Kc4 Kc6 38. h3 Kb6 39.
Kd5 Kb7 40. Kc5 Kc7 41. Kb5 Kd6 42. Kxa5 Kc5 43. Ka6 Kd4 44. a5 Kc3 45. Kb5 Kxb3 46. a6 Kc3 47. a7 b3 48. a8=Q b2 49. Qc8+ Kd2 50. Qd7+ Ke2 51. Kc4 b1=Q 52. Qf5 Qc2+ 53. Kd5 Qb3+ 54. Kd6 Qb6+ 55. Ke7 Qxf2 56. Kxf6 Qe3 57.
Kxe5 Kd3 58. Qd7+ Ke2 59. Qd4 Qb3 60. Kf6 Qb8 61. Kg6 Qg8+ 62. Kxh6 Qf8+ 63. Kxg5 Qg8+ 64. Kf5 Qf8+ 65. Qf6 Qc8+ 66. Kg5 Qg8+ 67. Kf4 Qb8+ 68. e5 Qb4+ 69. Kf5 Qb1+ 70. Ke6 Qb3+ 71. Ke7 Qxh3 72. e6 Qxg4 73. Kf7 Qh5+ 74. Kf8 1-0

[Event "Early-Titled-Tuesday-Blitz-May-28-2024"]
[Site "Chess.com"]
[Date "2024.05.28"]
[Round "4"]
[White "Azeryahu"]
[Black "Diego_FloresQ"]
[Result "1-0"]
[WhiteElo "2928"]
[BlackElo "2604"]
[TimeControl "180+1"]
[EndTime "8:41:33 PDT"]
[Termination "Azeryahu won by resignation"]

1. e4 e5 2. Nf3 Nc6 3. d4 exd4 4. Nxd4 Bc5 5. Be3 Qf6 6. c3 d6 7.
Be2 Nge7 8. Nc2 Bb6 9. O-O O-O 10. Nd2 d5 11. Bxb6 axb6 12. Ne3 dxe4 13. Nxe4 Qg6 14.
Ng3 Be6 15. Bd3 f5 16. Re1 Qf7 17. f4 Rad8 18. Qc2 g6 19. b3 Qf6 20. Ngf1 Rfe8 21. Rad1 Kg7 22. g3 Nc8 23. Be2 Bf7 24.
Bf3 Nd6 25. Nd5 Bxd5 26. Bxd5 Rxe1 27. Rxe1 Ne7 28. Re6 Qf8 29. Bf3 c6 30. Qe2 Nec8 31. Qe5+ Kg8 32. Ne3 Re8 33. Nc4 Rxe6 34. Qxe6+ Qf7 35.
Qxf7+ Kxf7 36. Ne5+ Ke7 37. Kf2 Nf7 38. Nd3 Kd6 39. Ke3 Ne7 40. Kd4 Nd8 41. Ke3 Ne6 42. Nb2 Nd5+ 43. Kd2 b5 44. c4 Nb6 45. cxb5 cxb5 46.
Bxb7 Kc5 47. Ke3 Kb4 48. Nd3+ Ka3 49. b4 Kxa2 50. Bc6 Nc7 51. Kd4 Kb3 52. Kc5 Nc8 53.
Ne5 Na6+ 54. Kxb5 Nxb4 55. Bd7 Nd6+ 56. Kc5 Ne4+ 57. Kd4 Nc2+ 58. Kd3 Nb4+ 59. Kd4 Kc2 60. Nf7 Kd2 61. Ng5 Nc2+ 62. Ke5 Nxg5 63. fxg5 Ne3 64. Kf4 Nd5+ 65. Ke5 Ne3 66. Kf6 Nf1 67. Kg7 Nxh2 68. Kxh7 Ke3 69. Kxg6 f4 70. gxf4 Kxf4 71. Kh6 Nf3 72. g6 Ne5 73. g7 Nxd7 74. g8=Q Ne5 75. Qg5+ Ke4 76. Qh4+ Kf5 77. Kh7 Ke6 78. Qh3+ Kd5 79.
Qa3 Nc4 80. Qa2 Kd4 81. Kh8 Nd6 82. Kg8 Ne4 83. Kf7 Nc5 84. Qa1+ Kd5 85. Kf6 Ne4+ 86. Kf5 Nd6+ 87. Kf4 Nc4 88. Qc3 Nd6 89. Qe5+ Kc6 90. Qe6 Kc5 91. Ke5 Nc4+ 92. Ke4 Nd6+ 93. Kd3 Nc4 94.
Qxc4+ 1-0

[Event "Early-Titled-Tuesday-Blitz-May-28-2024"]
[Site "Chess.com"]
[Date "2024.05.28"]
[Round "4"]
[White "ThetNaung291"]
[Black "Djager97"]
[Result "0-1"]
[WhiteElo "2351"]
[BlackElo "2540"]
[TimeControl "180+1"]
[EndTime "8:41:38 PDT"]
[Termination "Djager97 won by resignation"]

1. d4 d5 2. c4 e6 3. Nc3 Nf6 4. Nf3 c6 5. a4 Bb4 6. Bd2 O-O 7. e3 Nbd7 8. Be2 dxc4 9. Bxc4 c5 10. O-O cxd4 11.
Nxd4 Nb6 12. Be2 e5 13. Nf3 e4 14. Nd4 a5 15. Ncb5 Nbd5 16. Rc1 Bd7 17. Bxb4 axb4 18. Qb3 Qe7 19. Bc4 Qe5 20. Bxd5 Qxd5 21. Qxd5 Nxd5 22.
Rc5 Bc6 23. b3 Bxb5 24. Rxb5 Rfd8 25. h3 b6 26. Rc1 Nc3 27. Rxb4 Rxd4 28. exd4 Ne2+ 29.
Kf1 Nxc1 30. Rxb6 g6 31. Ke1 Rc8 32. a5 Nd3+ 33. Kd2 Rc1 34. b4 Rb1 35. a6 Rb2+ 36. Ke3 Nxf2 37. Rb8+ Kg7 38. a7 Nd1+ 39. Kxe4 Nc3+ 40.
Ke5 Re2+ 41. Kd6 Re6+ 42. Kc5 Ne4+ 43. Kd5 Nc3+ 44. Kc4 Rc6+ 45. Kb3 Ra6 46. a8=Q Rxa8 47. Rxa8 Nb5 48. Ra5 Nxd4+ 49. Kc4 Nc6 50. Rc5 Nd8 51. b5 Nb7 52. Rc7 Nd6+ 53. Kb4 Kf6 54. Rc6 Ke5 55.
Kc5 Ne4+ 56. Kb4 Kd5 57. Rc8 Nd6 58. Rd8 Ke6 59. b6 Nb7 60. Kb5 Nxd8 61. Ka6 Kd6 62.
Ka7 Kc6 63. b7 Nxb7 64. g4 Nd6 65. g5 Ne4 66. h4 Nxg5 67. hxg5 Kd5 68. Kb8 Ke5 69.
Kc7 Kf5 70. Kd7 Kxg5 71. Ke7 f5 72. Kf7 f4 73. Kg7 f3 74. Kxh7 f2 0-1

[Event "Early-Titled-Tuesday-Blitz-May-28-2024"]
[Site "Chess.com"]
[Date "2024.05.28"]
[Round "4"]
[White "secrethawk1"]
[Black "Boundless_Strike"]
[Result "1-0"]
[WhiteElo "2425"]
[BlackElo "2616"]
[TimeControl "180+1"]
[EndTime "8:41:40 PDT"]
[Termination "secrethawk1 won by resignation"]

1. e4 d6 2. d4 e5 3. Nf3 Bg4 4. Bc4 Nc6 5. Bb5 a6 6. Bxc6+ bxc6 7. dxe5 dxe5 8. O-O Qxd1 9. Rxd1 Bxf3 10. gxf3 Bd6 11.
Be3 Ne7 12. c4 c5 13. Nc3 Nc6 14. Na4 Nd4 15. Kg2 O-O 16. Rab1 f5 17. b4 fxe4 18. fxe4 cxb4 19. c5 Be7 20. Bxd4 exd4 21. Rxd4 a5 22.
Rd7 Bh4 23. Rb2 Rae8 24. f3 Re6 25. Rd3 Rg6+ 26. Kf1 Bf6 27. Rg2 Rh6 28. Ke2 Be5 29. c6 Bxh2 30. Nc5 Bd6 31. Nd7 Re8 32. Rd5 Rhe6 33. Kd3 Be7 34. Ne5 Bf6 35. Nc4 Rxc6 36.
Rxa5 Rd8+ 37. Rd5 Rxd5+ 38. exd5 Ra6 39. Rc2 Ra8 40. Ne3 Bc3 41. Nc4 Rd8 42. Ke4 Re8+ 43. Kf5 Kf7 44. a3 g6+ 45. Kg4 Rd8 46. axb4 Bxb4 47.
Ne5+ Kf6 48. f4 Bd6 49. Nf3 Ra8 50. Rc4 h5+ 51. Kg3 Ra3 52. Re4 Kf5 53. Rc4 g5 54. Kg2 Bxf4 55. Nd4+ Ke4 56. Nb5+ Kxd5 57. Nxa3 Bd6 58. Rc3 g4 59. Nb5 Be5 60. Nxc7+ Ke4 61.
Rc2 h4 62. Rc1 Kf4 63. Kh1 Kf3 64. Nd5 h3 65. Rf1+ Ke4 66. Nf6+ Bxf6 67. Rxf6 Ke5 68. Rf7 Ke6 69. Rf4 g3 70. Rg4 Kf5 71. Rxg3 h2 72. Rh3 Kg4 73. Rxh2 Kg3 74. Rg2+ Kf3 75. Rg8 Kf4 76.
Kh2 Ke4 77. Kg3 Ke5 78. Rf8 Kd5 79. Re8 Kd6 80. Kf4 Kc6 81. Re1 Kc7 82. Rd1 Kb7 83.
Rc1 Ka8 84. Rb1 Ka7 85. Ke4 1-0

[Event "Early-Titled-Tuesday-Blitz-May-28-2024"]
[Site "Chess.com"]
[Date "2024.05.28"]
[Round "4"]
[White "NewBornNow"]
[Black "vi_pranav"]
[Result "0-1"]
[WhiteElo "2804"]
[BlackElo "3046"]
[TimeControl "180+1"]
[EndTime "8:41:47 PDT"]
[Termination "vi_pranav won by checkmate"]

1. e4 e5 2. Nf3 Nc6 3. Nc3 Nf6 4. Bb5 Bb4 5. O-O O-O 6. Bxc6 dxc6 7. d3 Re8 8. h3 b6 9. Ne2 Bf8 10. Kh1 c5 11. b3 Nd7 12. Bb2 Bd6 13. Nh2 Nf8 14. f4 exf4 15. Nxf4 Ng6 16. Nxg6 hxg6 17. Qf3 Be6 18.
Ng4 Qh4 19. Ne3 Rf8 20. Rae1 Bg3 21. Re2 Rae8 22. Nd5 Bxd5 23. exd5 Rxe2 24. Qxe2 Bd6 25. Rf3 Qg5 26. c4 Qd8 27. Re3 Qg5 28. Re4 Qg3 29.
Be5 Bxe5 30. Rxe5 Qf4 31. Qe3 Qxe3 32. Rxe3 Rc8 33. Kg1 Kf8 34. Kf2 c6 35. dxc6 Rxc6 36. Re4 Rf6+ 37. Ke2 Rd6 38. h4 f6 39. g3 Kf7 40.
Ke3 Rd8 41. d4 f5 42. Rf4 Kf6 43. Kd3 g5 44. hxg5+ Kxg5 45. d5 Kf6 46. Rf3 g5 47. Re3 f4 48. gxf4 gxf4 49. Re6+ Kf5 50. Re7 Rh8 51.
Rxa7 Rh3+ 52. Ke2 Rh2+ 53. Kf3 Rh3+ 54. Kg2 Rd3 55. Rb7 Rd2+ 56. Kf3 Rd3+ 57. Ke2 Re3+ 58.
Kf2 Rd3 59. Rxb6 Rd2+ 60. Kf3 Rd3+ 61. Ke2 Re3+ 62. Kf2 Rd3 63. Rc6 Rd2+ 64. Kf3 Rd3+ 65. Ke2 Rh3 66. Rxc5 Ke4 67. d6 Rh2+ 68. Kd1 f3 69. Ke1 Rh1+ 70. Kf2 Rh2+ 71. Kg1 Rg2+ 72. Kf1 Rxa2 73. d7 Ra1+ 74. Kf2 Ra2+ 75. Kg3 Rg2+ 76. Kh3 Rg8 77. Rc8 f2 78. Re8+ Kf3 79. d8=Q f1=Q+ 80. Kh4 Qh1# 0-1

[Event "Early-Titled-Tuesday-Blitz-May-28-2024"]
[Site "Chess.com"]
[Date "2024.05.28"]
[Round "4"]
[White "topce"]
[Black "FoggyMorning"]
[Result "0-1"]
[WhiteElo "2403"]
[BlackElo "2654"]
[TimeControl "180+1"]
[EndTime "8:41:47 PDT"]
[Termination "FoggyMorning won by checkmate"]

1. c4 e5 2. g3 Nf6 3. Nc3 Bb4 4.
e4 O-O 5. Bg2 Re8 6. Nge2 d6 7.
h3 Nbd7 8. O-O a5 9. a3 Bxc3 10. Nxc3 Nc5 11. d3 a4 12. Bg5 h6 13. Be3 Bd7 14. Kh2 b6 15. Qe2 Rb8 16. f4 Nh7 17.
Qc2 Bc6 18. Bxc5 bxc5 19. Nxa4 Bxa4 20. Qxa4 Rxb2 21. Rab1 Rxb1 22. Rxb1 exf4 23. gxf4 Rf8 24. Rf1 Qf6 25. Qc6 Qc3 26. Rf3 Qxa3 27. Qxc7 Qa6 28. Qe7 Qb6 29. Rg3 Qb8 30. Qh4 Kh8 31. Qg4 Rg8 32.
Qd7 Rf8 33. Qg4 Qb2 34. e5 Rg8 35. exd6 Qd4 36. d7 Nf6 37. Qf5 g6 38. Qe5 Qxe5 39. fxe5 Nxd7 40. Re3 Re8 41. e6 Rxe6 42. Rxe6 fxe6 43. Kg3 Kg7 44. Kf4 Kf6 45. h4 Ne5 46. Be4 g5+ 47. hxg5+ hxg5+ 48. Ke3 Ng4+ 49. Kf3 Nh6 50. Ke3 Ke5 51. Ba8 Nf5+ 52. Kf3 Nd6 53. Kg4 Kf6 54. Bf3 Nf7 55. Be4 Ne5+ 56. Kg3 Ng6 57. Kg4 Nf4 58. Kg3 Ne2+ 59. Kg4 Nc3 60. Bh7 Nd1 61. Kf3 Ke5 62. Kg4 Kf6 63. Kf3 Nb2 64. Kg4 Na4 65. Kf3 Nb6 66. Kg4 Nc8 67. Kf3 Ne7 68. Kg4 Ng6 69. Kf3 Kg7 70. d4 cxd4 71. c5 Kxh7 72. c6 Ne5+ 73. Ke4 Nxc6 74. Kd3 e5 75. Ke4 Kg6 76. Kf3 g4+ 77. Kxg4 Kf6 78. Kh3 Ke6 79. Kg3 Kd5 80. Kf3 e4+ 81. Kf4 d3 82. Ke3 Ke5 83. Kd2 Kd4 84. Ke1 e3 85.
Kd1 Ne5 86. Ke1 e2 87. Kf2 Kc3 88. Kg3 e1=Q+ 89. Kf4 d2 90. Kf5 d1=Q 91. Ke6 Qb3+ 92. Ke7 Nd3+ 93. Kf6 Qee6+ 94. Kg5 Qbd5+ 95. Kh4 Qee4+ 96. Kg3 Qg5+ 97. Kh3 Qeh4# 0-1

[Event "Early-Titled-Tuesday-Blitz-May-28-2024"]
[Site "Chess.com"]
[Date "2024.05.28"]
[Round "4"]
[White "jumpingknight20"]
[Black "Fh2411"]
[Result "1-0"]
[WhiteElo "2779"]
[BlackElo "2551"]
[TimeControl "180+1"]
[EndTime "8:41:48 PDT"]
[Termination "jumpingknight20 won by resignation"]

1. e3 d5 2. Nf3 c6 3. b3 Bf5 4. Bb2 e6 5. Be2 h6 6. O-O Nf6 7. c4 Be7 8. d3 O-O 9. Nbd2 a5 10. a3 Na6 11. Qc2 Bh7 12. Rfd1 Qb6 13. Rac1 Rfd8 14. h3 Qa7 15. Qb1 Qb8 16. Qa1 Qa7 17. Ne5 Bf8 18. Ndf3 Nc5 19. Qa2 Qb6 20. Nd2 Ncd7 21. Nxd7 Nxd7 22.
Nf3 Nc5 23. Nd4 e5 24. Nf3 e4 25. dxe4 dxe4 26. Nd4 Nd3 27. Bxd3 exd3 28. Bc3 c5 29.
Nb5 Qe6 30. Qd2 Rd7 31. f3 b6 32. e4 Rad8 33. Qe3 f5 34. e5 f4 35. Qxf4 Be7 36.
h4 Rf8 37. Qg3 Qf5 38. Rd2 Qh5 39. Qh3 Qf5 40. Qxf5 Bxf5 41. g3 Be6 42. Kg2 g5 43.
hxg5 hxg5 44. Rh1 Kg7 45. Rh2 Kg6 46. g4 Rdd8 47. Nc7 Bc8 48. Nd5 Rf7 49. Kg3 Rdf8 50. Rhf2 Bd8 51. Rxd3 Be6 52. Re3 Rh7 53. Nf6 Rh6 54. Rd3 Rfh8 55. Nh5 Kf7 56. Rd6 Be7 57. Rxb6 Rxh5 58. gxh5 Rxh5 59. Rh2 Rh4 60. Rxh4 gxh4+ 61. Kh2 Bg5 62. Rb7+ Kg6 63. Be1 Bf4+ 64. Kg1 h3 65. Re7 Kf5 66. Rh7 Kxe5 67. Bc3+ Kd6 68. Rh5 Bg3 69. Bd2 Be5 70. Be3 a4 71. f4 h2+ 72.
Kxh2 axb3 73. fxe5+ Kc6 74. Bc1 1-0

[Event "Early-Titled-Tuesday-Blitz-May-28-2024"]
[Site "Chess.com"]
[Date "2024.05.28"]
[Round "4"]
[White "vladislavkovalev"]
[Black "Thjop"]
[Result "1/2-1/2"]
[WhiteElo "2896"]
[BlackElo "2610"]
[TimeControl "180+1"]
[EndTime "8:41:53 PDT"]
[Termination "Game drawn - insufficient material"]

1. e4 e6 2. d4 d5 3. Nd2 c5 4. Ngf3 a6 5. exd5 exd5 6. Be2 Nf6 7. O-O Be7 8. dxc5 Bxc5 9. Nb3 Bb6 10. Nfd4 O-O 11. Bf4 Nc6 12. c3 Re8 13. Re1 Ne5 14. Bxe5 Rxe5 15. Bf3 Qe7 16. Rxe5 Qxe5 17. Qe2 Qxe2 18.
Bxe2 Bd7 19. Rd1 Re8 20. Kf1 Kf8 21. Bf3 g6 22. g3 Bh3+ 23. Bg2 Bg4 24. Re1 Rxe1+ 25.
Kxe1 Ke7 26. Kd2 Kd6 27. f3 Bd7 28. Bf1 Ba4 29. Nc1 Nd7 30. b3 Bxd4 31. cxd4 Bc6 32. Bd3 Nf8 33. Ne2 Ne6 34. Ke3 h6 35. h4 g5 36. h5 Ke7 37. Nc3 Ng7 38. g4 Kd6 39. Ne2 Bd7 40. Ng3 f6 41. Bg6 Be6 42.
Kd3 Kc6 43. Nf1 f5 44. Ne3 fxg4 45. fxg4 Kd6 46. a3 a5 47. Kc3 b6 48. b4 axb4+ 49.
Kxb4 Kc6 50. a4 Kd6 51. Kb5 Bd7+ 52. Kxb6 Bxa4 53. Bf7 Bb3 54. Kb5 Ba2 55. Kb4 Kc6 56.
Kc3 Kd6 57. Kb2 Bc4 58. Nxc4+ dxc4 59. Kc3 Ke7 60. Bxc4 Ne8 61. Bd3 Nf6 62. Bf5 Kd6 63. Kc4 Nd5 64. Kd3 Nf6 65. Ke3 Kd5 66. Bc8 Kd6 67.
Kd3 Nd5 68. Bb7 Nf6 69. Bf3 Ke6 70. Kc4 Kd6 71. d5 Nd7 72. Kd4 Ke7 73. Ke4 Kf6 74. Be2 Ne5 75. d6 Ke6 76. Bd1 Kxd6 77. Kf5 Kd5 78.
Kf6 Ke4 79. Kg7 Kf4 80. Kxh6 Nxg4+ 81. Kg7 Ne3 82. h6 Nf5+ 83. Kg6 Nxh6 84. Kxh6 g4 85. Bxg4 1/2-1/2

[Event "Early-Titled-Tuesday-Blitz-May-28-2024"]
[Site "Chess.com"]
[Date "2024.05.28"]
[Round "4"]
[White "VirtualCoach"]
[Black "NikFil2013"]
[Result "0-1"]
[WhiteElo "2195"]
[BlackElo "2457"]
[TimeControl "180+1"]
[EndTime "8:41:59 PDT"]
[Termination "NikFil2013 won by checkmate"]

1. e4 c5 2. Nf3 d6 3. d4 cxd4 4.
Nxd4 Nf6 5. Nc3 a6 6. f3 e5 7. Nb3 Be7 8. Be3 O-O 9. g4 b5 10. a3 Bb7 11. Qd2 Nbd7 12. h4 Nc5 13. h5 Nxb3 14.
cxb3 d5 15. g5 d4 16. gxf6 Bxf6 17. Rg1 dxe3 18. Qxe3 Bh4+ 19. Ke2 Qd4 20. Qxd4 exd4 21. Nd1 f5 22. Rh1 Bg5 23. Bg2 fxe4 24. fxe4 Rae8 25.
Kd3 Rf4 26. Kxd4 Bxe4 27. Bxe4 Rfxe4+ 28. Kd3 Re2 29. Kd4 Rd2+ 30. Kc5 Rb8 31. Kb4 Be7+ 32.
Kc3 Rbd8 33. Re1 Bf6+ 34. Kb4 Bxb2 35. Nxb2 Rxb2 36. Rad1 Rbd2 37. Rxd2 Rxd2 38. Re8+ Kf7 39. Ra8 Rd5 40. Rxa6 Rxh5 41. Ra7+ Kf6 42. Rb7 Rd5 43. Ka5 h5 44. Rb6+ Kf5 45. Rb7 g5 46. b4 h4 47.
Rg7 h3 48. Rh7 g4 49. a4 Kf4 50. axb5 Kg3 51. Ka6 h2 52. b6 Kg2 53. b7 Rd8 54. Ka7 h1=Q 55. Rxh1 Kxh1 56. b5 g3 57. b6 g2 58. b8=Q Rxb8 59. Kxb8 g1=Q 60. b7 Qb6 61. Ka8 Qc6 62. Ka7 Qc7 63. Ka8 Qa5+ 64. Kb8 Kg2 65. Kc8 Qc5+ 66. Kd7 Qb5+ 67. Kc7 Qc5+ 68. Kd7 Qb6 69.
Kc8 Qc6+ 70. Kb8 Kf3 71. Ka7 Qa4+ 72. Kb6 Qb4+ 73. Ka6 Qc4+ 74. Ka7 Qc5+ 75. Ka6 Qc6+ 76. Ka7 Qc7 77. Ka8 Qa5+ 78. Kb8 Ke4 79. Kc8 Qc5+ 80.
Kd7 Qb5+ 81. Kc7 Qc5+ 82. Kd7 Qb6 83. Kc8 Qc6+ 84. Kb8 Kd5 85. Ka7 Qc7 86. Ka8 Qa5+ 87. Kb8 Kc6 88. Kc8 Qc7# 0-1

[Event "Early-Titled-Tuesday-Blitz-May-28-2024"]
[Site "Chess.com"]
[Date "2024.05.28"]
[Round "4"]
[White "rhwr"]
[Black "aanshnerurkar"]
[Result "1/2-1/2"]
[WhiteElo "2313"]
[BlackElo "2487"]
[TimeControl "180+1"]
[EndTime "8:43:01 PDT"]
[Termination "Game drawn by 50-move rule"]

1. e4 c5 2. Nf3 d6 3. d4 cxd4 4. Nxd4 Nf6 5. Nc3 g6 6. Be2 Bg7 7. O-O O-O 8. Be3 Nc6 9. Nb3 Be6 10. f4 Rc8 11. f5 Bd7 12. Kh1 Ne5 13. Nd4 a6 14.
Nf3 Nxf3 15. Bxf3 Bc6 16. fxg6 hxg6 17. Nd5 Nxd5 18. exd5 Bd7 19. c3 b5 20. Bd4 Bxd4 21. Qxd4 Rc4 22. Qe3 e5 23. dxe6 Bxe6 24. Rad1 Rh4 25.
Bd5 Bxd5 26. Rxd5 Kg7 27. Qf2 Rc4 28. Qg3 Qe7 29. Qxd6 Qxd6 30. Rxd6 a5 31. Rd5 b4 32. Rxa5 bxc3 33. bxc3 Rxc3 34. Ra7 Kg8 35. a4 f5 36. a5 Ra3 37. h3 Rf7 38. Ra8+ Rf8 39. Ra6 Kg7 40.
Rb1 Rf6 41. Rb7+ Rf7 42. Rxf7+ Kxf7 43. Kh2 g5 44. Kg1 f4 45. Kf2 Kg7 46. Ra7+ Kg6 47. a6 Kh6 48. Ra8 Kg6 49. a7 Kg7 50. Ke2 Kh7 51.
Kd2 Kg7 52. Kc2 Kh7 53. Kb2 Ra6 54. Kc3 Kg7 55. Kd4 Ra1 56. Ke5 Ra5+ 57. Ke4 Ra4+ 58. Kf5 Ra5+ 59. Kg4 Kh7 60. h4 gxh4 61. Kxh4 Kg7 62.
Kg4 Kh7 63. Kxf4 Kg7 64. g4 Kh7 65. g5 Kg7 66. Kg4 Ra1 67. Kf5 Kh7 68. Ke6 Kg7 69.
Kd7 Ra2 70. Kc7 Rc2+ 71. Kb7 Rb2+ 72. Ka6 Ra2+ 73. Kb5 Rb2+ 74. Kc6 Ra2 75. Kb6 Rb2+ 76. Ka5 Ra2+ 77. Kb4 Kh7 78. Kb3 Ra6 79. Kc4 Kg7 80. Kb5 Ra1 81. Kb6 Rb1+ 82. Kc7 Rc1+ 83. Kd8 Rd1+ 84.
Ke7 Re1+ 85. Kd6 Rd1+ 86. Ke5 Re1+ 87. Kf4 Ra1 88. Kf5 Ra5+ 89. Kg4 Ra4+ 90. Kh5 Ra1 91. Kh4 Ra4+ 92. Kg3 Ra3+ 93. Kf4 Ra4+ 94. Ke5 Ra5+ 95. Kd4 Ra1 96. Kc5 Rc1+ 97. Kb4 Rb1+ 98. Kc3 Ra1 99. Kb2 Ra6 100. Kb3 Ra1 101. Kb2 Ra6 102. Kc2 Kh7 103. Kd2 Kg7 104. Ke3 Kh7 105. Ke4 Kg7 106. Kf5 Ra5+ 107. Ke6 Ra6+ 108. Ke7 Ra1 109. Kd7 Rd1+ 110. Kc7 Rc1+ 111. Kb8 Rb1+ 112. Kc8 Rc1+ 113. Kd8 Rd1+ 114. Ke7 Re1+ 115. Kd6 1/2-1/2

[Event "Early-Titled-Tuesday-Blitz-May-28-2024"]
[Site "Chess.com"]
[Date "2024.05.28"]
[Round "4"]
[White "Grebnev_A"]
[Black "Sl4werThanYou"]
[Result "1-0"]
[WhiteElo "2553"]
[BlackElo "2730"]
[TimeControl "180+1"]
[EndTime "8:43:03 PDT"]
[Termination "Grebnev_A won by checkmate"]

1. Nf3 Nf6 2. c4 e6 3. Nc3 d5 4. e3 Bd6 5. b3 O-O 6. Bb2 Nc6 7. d4 b6 8. cxd5 exd5 9. Bd3 Bb7 10.
O-O a6 11. Ne2 Re8 12. Rc1 Ne4 13. Nf4 Ne7 14. Ne5 Ng6 15. Nfxg6 hxg6 16. f3 Nf6 17. Qe1 c5 18. Qh4 Rc8 19. a4 Bxe5 20. dxe5 Nd7 21.
Qg3 Qe7 22. f4 c4 23. bxc4 Nc5 24. Ba3 Qe6 25. cxd5 Qxd5 26. Bc4 Qe4 27. Bxc5 Rxc5 28. Be2 Rec8 29. Rce1 Qxa4 30. e6 fxe6 31. Qxg6 Qe4 32. Qg3 Qf5 33. Bg4 Qf6 34. e4 Rc3 35. Qf2 Rc2 36. Qxb6 Bc6 37. Qxa6 Rd8 38. Re2 Rxe2 39. Qxe2 Qd4+ 40. Kh1 Bxe4 41. Bxe6+ Kf8 42. Bh3 Bd3 43. Qf2 Bxf1 44. Qxf1 Qd1 45. g3 Qc2 46. Bg4 Rd2 47. Bf3 Rxh2+ 48. Kg1 Rd2 49. Qe1 Qc5+ 50. Kh1 Qc3 51.
Bg2 Qd3 52. Kh2 Qd6 53. Qe4 Rd4 54. Qf5+ Ke8 55. Qh5+ Ke7 56. Qh7 Kf8 57. Qh8+ Kf7 58. Bf3 Rd2+ 59. Kh3 Qd7+ 60. Bg4 Qd4 61. Bh5+ Ke7 62.
Qe8+ Kd6 63. Bg6 Rd1 64. Kg4 Rd2 65. Bf5 Qf6 66. Qb5 Rd4 67. Qb6+ Ke7 68. Qc7+ Kf8 69. Qc8+ Rd8 70. Qc5+ Kg8 71. Qc4+ Kh8 72. Qc1 g6 73. Be4 Qe6+ 74. Kf3 Qf6 75. Qc7 Re8 76. Qd7 Re7 77.
Qd8+ Kg7 78. Qd5 Qc3+ 79. Kg4 Qf6 80. Qd3 Qe6+ 81. Kf3 Rd7 82. Qc3+ Kh7 83. Qc5 Re7 84. Qd4 Rd7 85. Qc3 Qd6 86. Kg4 Qd1+ 87. Bf3 Qd6 88. Be4 Qe6+ 89. Kf3 Ra7 90. g4 Qd6 91. Qc4 Qa3+ 92.
Kg2 Qb2+ 93. Kg3 Qa3+ 94. Bf3 Qd6 95. Qc2 Rc7 96. Qe4 Re7 97. Qc4 Rf7 98. Qxf7+ Kh8 99. Qe8+ Kh7 100. Qe5 Qd2 101. g5 Qc1 102. Qe7+ Kh8 103.
Qf8+ Kh7 104. Qh6+ Kg8 105. Qxg6+ Kh8 106. Qf6+ Kg8 107. Qe5 Qg1+ 108. Bg2 Qc1 109. g6 Qa3+ 110. Bf3 Qa7 111. Qe6+ Kh8 112. Qf6+ Kg8 113. Qf7+ Qxf7 114. gxf7+ Kxf7 115. Kg4 Kf6 116. f5 Kg7 117. Kg5 Kf7 118. Bh5+ Kf8 119. f6 Kg8 120. Kg6 Kh8 121. Kf5 Kh7 122. Bf3 Kg8 123. Ke6 Kf8 124. f7 Kg7 125. Ke7 Kh7 126. f8=Q Kg6 127. Qf6+ Kh7 128. Qg5 Kh8 129. Kf7 Kh7 130. Qh5# 1-0

[Event "Early-Titled-Tuesday-Blitz-May-28-2024"]
[Site "Chess.com"]
[Date "2024.05.28"]
[Round "5"]
[White "Franmu14"]
[Black "enriquebutti"]
[Result "1-0"]
[WhiteElo "2707"]
[BlackElo "2105"]
[TimeControl "180+1"]
[EndTime "8:51:59 PDT"]
[Termination "Franmu14 won by resignation"]

1. e4 c5 2. Nc3 e6 3. d4 cxd4 4. Qxd4 Nc6 5. Qe3 Nf6 6. b3 b6 7. Bb2 Bc5 8. Qg3 O-O 9. O-O-O Qe7 10. Bd3 Bd4 11. Nge2 e5 12. Nxd4 Nxd4 13. Kb1 Bb7 14. f4 d6 15. fxe5 dxe5 16. Rhf1 Rfd8 17. Rf2 Nh5 18. Qe3 Nf4 19. Rdf1 f6 20. Bc4+ Kh8 21. Nd5 Nxd5 22. exd5 Bxd5 23. Bd3 Bg8 24. g4 Ne6 25. h4 Nf4 26. Rxf4 1-0

[Event "Early-Titled-Tuesday-Blitz-May-28-2024"]
[Site "Chess.com"]
[Date "2024.05.28"]
[Round "5"]
[White "soloderisas"]
[Black "baki83"]
[Result "0-1"]
[WhiteElo "2632"]
[BlackElo "2907"]
[TimeControl "180+1"]
[EndTime "8:52:17 PDT"]
[Termination "baki83 won by resignation"]

1. d4 d5 2. Nf3 Nf6 3. Bf4 Bf5 4. e3 e6 5. c4 Bd6 6. Bg3 Bxb1 7.
Qxb1 Bb4+ 8. Kd1 O-O 9. Qc2 c5 10. a3 Ba5 11. Bd3 cxd4 12. exd4 dxc4 13. Bxc4 Nc6 14. Ke2 Rc8 15. Qd3 Qe7 16. Rhd1 Rfd8 17. Kf1 Bb6 18. Rd2 Nxd4 19. Rad1 Nxf3 20. Qxf3 Rxd2 21. Rxd2 Rxc4 0-1

[Event "Early-Titled-Tuesday-Blitz-May-28-2024"]
[Site "Chess.com"]
[Date "2024.05.28"]
[Round "5"]
[White "Viktor_Poddubnyi"]
[Black "nikitakhoroshev"]
[Result "1-0"]
[WhiteElo "2304"]
[BlackElo "2465"]
[TimeControl "180+1"]
[EndTime "8:52:29 PDT"]
[Termination "Viktor_Poddubnyi won by resignation"]

1. e4 e5 2. f4 d5 3. exd5 exf4 4.
d4 Nf6 5. c4 c6 6. Bxf4 cxd5 7.
Nf3 Bb4+ 8. Nc3 O-O 9. Be2 Ne4 10. Qb3 a5 11. O-O Nxc3 12. bxc3 Re8 13. Ne5 Bd6 14.
Nxf7 Kxf7 15. Bg5+ 1-0

[Event "Early-Titled-Tuesday-Blitz-May-28-2024"]
[Site "Chess.com"]
[Date "2024.05.28"]
[Round "5"]
[White "ViktoriyaTarasova"]
[Black "korbul"]
[Result "0-1"]
[WhiteElo "2365"]
[BlackElo "2666"]
[TimeControl "180+1"]
[EndTime "8:52:31 PDT"]
[Termination "korbul won by checkmate"]

1. d4 Nf6 2. c4 e6 3. Nc3 Bb4 4. e3 O-O 5. Nf3 b6 6. Bd3 Bb7 7. O-O Bxc3 8. bxc3 Ne4 9. Nd2 f5 10. f3 Nxd2 11. Bxd2 d6 12. Qe2 Nd7 13. e4 fxe4 14.
fxe4 e5 15. Rxf8+ Qxf8 16. Rf1 Qe7 17. h3 Rf8 18. Rxf8+ Nxf8 19. Qf3 Ne6 20. Be3 Qf6 21. Qxf6 gxf6 22. g3 c5 23. d5 Nd8 24. Kf2 Ba6 25. Kf3 Nb7 26. Kg4 Na5 27. Kf5 Kf7 28. Be2 Bxc4 29. Bh5+ Ke7 30. a3 Bd3 31. Bh6 Nc4 32. Bg7 Ne3# 0-1

[Event "Early-Titled-Tuesday-Blitz-May-28-2024"]
[Site "Chess.com"]
[Date "2024.05.28"]
[Round "5"]
[White "stollenmonster"]
[Black "Balla_Tamas"]
[Result "1-0"]
[WhiteElo "2871"]
[BlackElo "2478"]
[TimeControl "180+1"]
[EndTime "8:52:39 PDT"]
[Termination "stollenmonster won by resignation"]

1. e4 c5 2. Nf3 Nc6 3. Nc3 g6 4. d4 cxd4 5. Nxd4 Bg7 6. Nde2 d6 7. g3 Nf6 8. Bg2 O-O 9. h3 Bd7 10. a4 a6 11. O-O Rc8 12. Nd5 Nxd5 13. exd5 Ne5 14.
Ra2 Bf5 15. b3 h5 16. a5 Qd7 17. Kh2 Rc7 18. c4 Nd3 19. Be3 Nb4 20. Rd2 Bc3 21. Nxc3 e6 22. dxe6 Qxe6 23. Nd5 Nxd5 24. Rxd5 Rd8 25.
Bb6 1-0